[Event "Live Chess"]
[Site "Chess.com"]
[Date "2024.06.02"]
[Round "-"]
[White "joellloyd"]
[Black "DarranAS"]
[Result "1-0"]
[WhiteElo "1870"]
[BlackElo "1413"]
[TimeControl "300"]
[EndTime "8:36:06 PDT"]
[Termination "joellloyd won by resignation"]

1. e4 e5 2. Nf3 Nc6 3. Bc4 Bc5 4. b4 Bxb4 5. c3 Bc5 6. d4 exd4 7. O-O d5 8. Bxd5 Nge7 9. cxd4 Bb6 10. Qb3 Nxd5 11. exd5 Nxd4 12. Re1+ Kf8 13. Nxd4 Bxd4 14. Qb4+ Qd6 15.
Qxd4 Bd7 16. Ba3 1-0

[Event "Live Chess"]
[Site "Chess.com"]
[Date "2024.06.02"]
[Round "-"]
[White "AlanBstard10"]
[Black "ivan_1968"]
[Result "0-1"]
[WhiteElo "1222"]
[BlackElo "1809"]
[TimeControl "300"]
[EndTime "8:36:36 PDT"]
[Termination "ivan_1968 won by checkmate"]

1. b4 Nf6 2. a3 g6 3. Bb2 Bg7 4.
e3 O-O 5. Nc3 d6 6. Be2 e5 7. d4 Nc6 8. d5 Ne7 9. e4 Nd7 10. f3 f5 11. exf5 gxf5 12. Bb5 Nf6 13. Nge2 a6 14. Ba4 b5 15. Bb3 Qe8 16. O-O Qg6 17. Rf2 Bh6 18. Bc1 Kh8 19. Bxh6 Qxh6 20. Qc1 Qg6 21. Ng3 Rg8 22. Qd2 h5 23. Nce2 h4 24. Nh1 f4 25. c3 Nf5 26. Bc2 Qg5 27. Bxf5 Bxf5 28. Rd1 Rg7 29. Nc1 Rag8 30. Re1 Bh3 31. g4 Nxg4 32. fxg4 Qxg4+ 33. Rg2 Bxg2 34. Re2 Bxh1+ 35. Kxh1 Qg1# 0-1

[Event "Live Chess"]
[Site "Chess.com"]
[Date "2024.06.02"]
[Round "-"]
[White "bobby_jamesFischer86"]
[Black "grillage"]
[Result "0-1"]
[WhiteElo "1634"]
[BlackElo "1877"]
[TimeControl "300"]
[EndTime "8:36:36 PDT"]
[Termination "grillage won by resignation"]

1. d4 e6 2. c4 Bb4+ 3. Bd2 Bxd2+ 4. Nxd2 Nf6 5. e4 d6 6. Ngf3 Qe7 7. Bd3 e5 8. dxe5 dxe5 9. Qc2 O-O 10. O-O Bg4 11.
h3 Bxf3 12. Nxf3 Nc6 13. Qc3 Rad8 14. Rfd1 Nd4 15. Nxd4 Rxd4 16. Qc2 Rfd8 17. b3 R8d7 18. Rd2 Qd8 19. Rad1 Nxe4 20. Bxe4 Rxd2 21. Bxh7+ Kh8 22. Rxd2 Rxd2 23. Qf5 Qf6 24. Qh5 Qxf2+ 0-1

[Event "Live Chess"]
[Site "Chess.com"]
[Date "2024.06.02"]
[Round "-"]
[White "StoreySniper"]
[Black "best137"]
[Result "1-0"]
[WhiteElo "2475"]
[BlackElo "1524"]
[TimeControl "300"]
[EndTime "8:36:44 PDT"]
[Termination "StoreySniper won on time"]

1. d4 d5 2. c4 c6 3. Nc3 Nf6 4. Nf3 Bg4 5. Bg5 e6 6. e3 Be7 7.
Be2 O-O 8. O-O Nbd7 9. h3 Bh5 10. Ne5 Nxe5 11. dxe5 Bxe2 12. Qxe2 Nd7 13. Bxe7 Qxe7 14. cxd5 cxd5 15. f4 a6 16. e4 Qc5+ 17. Qf2 d4 18.
Ne2 d3 19. Nc3 Rfd8 20. Rfd1 Qxf2+ 21. Kxf2 Nc5 22. b4 Rac8 23. bxc5 Rxc5 24. Na4 Rc2+ 25. Kf3 b5 26. Nb6 a5 27. Rac1 Rxa2 28. Rc8 Rxc8 29. Nxc8 d2 30. Ke3 b4 31. Rxd2 Rxd2 32. Kxd2 a4 33. Kc2 a3 34. Kb3 f6 35. Na7 Kf7 36.
Nc6 fxe5 37. Nxe5+ Kf6 38. Nd3 g5 39. g3 h5 40. h4 gxh4 41. gxh4 Kg6 42. Nxb4 e5 43. f5+ Kf6 44. Nd3 Ke7 45. Nxe5 Kf6 46. Nf3 Ke7 47.
Kxa3 Kf6 48. Kb4 Kg7 49. Kc5 Kf7 50. Kd6 Ke8 51. e5 Kf8 52. e6 Ke8 53. f6 Kf8 54. Kd7 Kg8 55. e7 Kh7 56. e8=Q Kh6 57. Qh8+ Kg6 58. Qg7+ Kf5 59. Qg5+ Ke4 60. Qe5+ Kd3 61.
f7 Kc2 62. f8=Q 1-0

[Event "Live Chess"]
[Site "Chess.com"]
[Date "2024.06.02"]
[Round "-"]
[White "willc-h99"]
[Black "CarmelJane"]
[Result "1-0"]
[WhiteElo "2560"]
[BlackElo "2043"]
[TimeControl "300"]
[EndTime "8:36:50 PDT"]
[Termination "willc-h99 won by resignation"]

1. d4 Nf6 2. Bg5 e6 3. e4 h6 4.
Bxf6 Qxf6 5. c3 d6 6. Bd3 Qg5 7.
Nf3 Qd8 8. O-O Nd7 9. e5 d5 10.
Nfd2 c5 11. f4 cxd4 12. cxd4 Nb6 13. Nc3 Bd7 14. f5 exf5 15. Bxf5 Qg5 16. Bxd7+ Nxd7 17. Nxd5 Rc8 18. Ne4 Qh4 19. Qf3 1-0

[Event "Live Chess"]
[Site "Chess.com"]
[Date "2024.06.02"]
[Round "-"]
[White "Queensandpawns"]
[Black "beltmanjb"]
[Result "0-1"]
[WhiteElo "2230"]
[BlackElo "1733"]
[TimeControl "300"]
[EndTime "8:37:01 PDT"]
[Termination "beltmanjb won by resignation"]

1. e4 c5 2. d4 cxd4 3. c3 dxc3 4. Bc4 d6 5. Nf3 Nc6 6. O-O a6 7. Nxc3 Nf6 8. Qb3 e6 9. Rd1 Na5 10. Qa4+ Bd7 11. Qb4 d5 12. exd5 Bxb4 13. dxe6 fxe6 14. Bxe6 0-1

[Event "Live Chess"]
[Site "Chess.com"]
[Date "2024.06.02"]
[Round "-"]
[White "FREDERICKtheMATE"]
[Black "jumush"]
[Result "1-0"]
[WhiteElo "2663"]
[BlackElo "1741"]
[TimeControl "300"]
[EndTime "8:37:04 PDT"]
[Termination "FREDERICKtheMATE won by resignation"]

1. e4 d5 2. exd5 Qxd5 3. Nc3 Qa5 4. d4 Nf6 5. Nf3 Bf5 6. Bc4 e6 7. Bd2 Bb4 8. a3 Bxc3 9. Bxc3 Qb6 10. O-O Nc6 11. a4 a5 12. Ne5 Nxe5 13. dxe5 Rd8 14.
Qe1 Nd7 15. Bb5 c6 16. Bxa5 Qc5 17. Bxd8 cxb5 18. axb5 Kxd8 19. Ra8+ Ke7 20. Rxh8 Qxc2 21. Qb4+ 1-0

[Event "Live Chess"]
[Site "Chess.com"]
[Date "2024.06.02"]
[Round "-"]
[White "elephantgerrald"]
[Black "educatedlad"]
[Result "1-0"]
[WhiteElo "897"]
[BlackElo "1734"]
[TimeControl "300"]
[EndTime "8:37:13 PDT"]
[Termination "elephantgerrald won by resignation"]

1. e4 c5 2. Nf3 e6 3. Bc4 Nc6 4. O-O Nf6 5. Nc3 Be7 6. d3 O-O 7. Bf4 a6 8. h3 b5 9. Bb3 b4 10. Na4 Bb7 11. c3 bxc3 12. Nxc3 d5 13. exd5 Nxd5 14.
Bxd5 exd5 15. d4 cxd4 16. Nxd4 Nxd4 17. Qxd4 Bf6 18. Qd3 Bxc3 19. Qxc3 Qf6 20. Qg3 Qxb2 21. Be5 Qxe5 1-0

[Event "Live Chess"]
[Site "Chess.com"]
[Date "2024.06.02"]
[Round "-"]
[White "GwaryTek"]
[Black "JanMur7"]
[Result "1-0"]
[WhiteElo "1902"]
[BlackElo "2271"]
[TimeControl "300"]
[EndTime "8:37:21 PDT"]
[Termination "GwaryTek won by checkmate"]

1. d4 Nf6 2. c4 a6 3. Nf3 b5 4.
cxb5 axb5 5. g3 Bb7 6. Bg2 b4 7.
O-O e6 8. Re1 Be7 9. Bd2 O-O 10.
Qc2 d5 11. Rc1 Bd6 12. Bf4 Nc6 13. Nbd2 Bxf4 14. gxf4 Rc8 15. Nb3 Qd6 16. e3 Ba6 17.
Nc5 Bb5 18. Bf1 Bxf1 19. Kxf1 Na5 20. Ne5 Nc6 21. Nb7 Nxd4 22. Nxd6 Nxc2 23. Nxc8 Nxa1 24.
Ne7+ Kh8 25. Rxa1 c5 26. a4 Ne4 27. a5 Nd2+ 28. Ke2 Nb3 29. Ra4 c4 30. a6 Nc5 31.
Ra5 Nb3 32. a7 Nxa5 33. a8=Q h5 34. Qxf8+ Kh7 35. Qxf7 Kh8 36. Qg6 d4 37. Nf7# 1-0

[Event "Live Chess"]
[Site "Chess.com"]
[Date "2024.06.02"]
[Round "-"]
[White "OnlyTheHurf"]
[Black "mychess51"]
[Result "0-1"]
[WhiteElo "1128"]
[BlackElo "1706"]
[TimeControl "300"]
[EndTime "8:37:24 PDT"]
[Termination "mychess51 won by checkmate"]

1. c4 e6 2. g3 d5 3. Nf3 dxc4 4.
Qa4+ Bd7 5. Qxc4 Nc6 6. Bg2 Nf6 7. d4 Bd6 8. O-O O-O 9. Ne5 Nxe5 10. dxe5 Bxe5 11. Bxb7 Rb8 12. Bg2 Bxb2 13. Bxb2 Rxb2 14.
Nc3 Qb8 15. Rab1 a6 16. Qxa6 c5 17. Qa3 Rxb1 18. Rxb1 Qe5 19. Rf1 Rc8 20. Bb7 Rb8 21.
Bg2 Ng4 22. e3 Qc7 23. Rb1 Rxb1+ 24. Nxb1 c4 25. Qa8+ Qc8 26. a4 Qxa8 27. Bxa8 Bxa4 28. Nc3 Bb3 29. Bf3 Ne5 30. Be2 Kf8 31. Kg2 Ke7 32. f4 Nd3 33. Kf3 Kd6 34. Ke4 Nb2 35.
h4 f6 36. g4 Kc5 37. f5 exf5+ 38. gxf5 Kb4 39. Nd5+ Kc5 40. Nc3 Na4 41. Bxc4 Nxc3+ 42. Kd3 Bxc4+ 43. Kxc3 Be2 44. Kd2 Bg4 45. e4 Kd4 46. Kc2 Kxe4 47. Kc3 Bxf5 48. Kd2 g5 49. Ke2 gxh4 50. Kf2 Kf4 51. Kg2 Bg4 52. Kh2 Kf3 53. Kh1 Kg3 54. Kg1 Bf3 55. Kf1 h3 56. Kg1 h2+ 57.
Kf1 h1=Q# 0-1

[Event "Live Chess"]
[Site "Chess.com"]
[Date "2024.06.02"]
[Round "-"]
[White "LL220284LL"]
[Black "nitrofish07"]
[Result "1-0"]
[WhiteElo "2485"]
[BlackElo "2096"]
[TimeControl "300"]
[EndTime "8:37:28 PDT"]
[Termination "LL220284LL won by resignation"]

1. b3 e5 2. Bb2 Nc6 3. Nf3 d6 4. d3 g6 5. e4 Bg7 6. Nbd2 Nge7 7. Be2 O-O 8. h4 f5 9. h5 f4 10. hxg6 Nxg6 11. Nc4 a5 12. a4 Be6 13. Qd2 d5 14.
exd5 Bxd5 15. O-O-O e4 16. Bxg7 Kxg7 17. dxe4 Bxe4 18. Qc3+ Qf6 19. Rd7+ Rf7 20. Rxh7+ Kxh7 21. Qxf6 Rxd7 22. Ng5+ Kh6 23. Nxe4 1-0

[Event "Live Chess"]
[Site "Chess.com"]
[Date "2024.06.02"]
[Round "-"]
[White "juniortay"]
[Black "Dashman93"]
[Result "0-1"]
[WhiteElo "2246"]
[BlackElo "2143"]
[TimeControl "300"]
[EndTime "8:37:36 PDT"]
[Termination "Dashman93 won on time"]

1. e4 g6 2. Nc3 Bg7 3. f4 c5 4. Nf3 Nc6 5. Bc4 e6 6. f5 gxf5 7. d3 fxe4 8. dxe4 Nge7 9. O-O d5 10.
exd5 exd5 11. Nxd5 Be6 12. Re1 O-O 13. Nxe7+ Nxe7 14. Qe2 Bxc4 15. Qxc4 Nc6 16. Bg5 Qb6 17. Re4 Qxb2 18. Rf1 Qc3 19. Qd5 Nb4 20. Qf5 Qxc2 21.
Ne5 Rae8 22. Rc1 Rxe5 23. Rxe5 Qxf5 24. Rxf5 Nxa2 25. Rcf1 Nc3 26. Be7 Rc8 27. Rxf7 Nd5 28. Bd6 Ne3 29. R1f3 Nc4 30. Bg3 Nd2 31. R3f5 c4 32.
Rxb7 c3 33. Be1 Ne4 34. Bxc3 Nxc3 35. h4 Ne4 36. Rf4 Nd6 37. Rxa7 Rc1+ 0-1

[Event "Live Chess"]
[Site "Chess.com"]
[Date "2024.06.02"]
[Round "-"]
[White "ShanthamGrarks"]
[Black "Colm_Buckley"]
[Result "0-1"]
[WhiteElo "1902"]
[BlackElo "1893"]
[TimeControl "300"]
[EndTime "8:37:53 PDT"]
[Termination "Colm_Buckley won by resignation"]

1. d4 e6 2. Nc3 Nf6 3. e4 d5 4. Bg5 Be7 5. e5 Nfd7 6. h4 h6 7. Bf4 c5 8. Qg4 g6 9. Bd3 h5 10. Qg3 cxd4 11. Nb5 Rg8 12. Nf3 Nc6 13. Ng5 Nc5 14.
Nd6+ Bxd6 15. exd6 Nxd3+ 16. Qxd3 e5 17. O-O-O exf4 18. Rhe1+ Kf8 19. Qf3 Qxd6 0-1

[Event "Live Chess"]
[Site "Chess.com"]
[Date "2024.06.02"]
[Round "-"]
[White "GerardATHart"]
[Black "FlyingChessKestrel13"]
[Result "0-1"]
[WhiteElo "1395"]
[BlackElo "2079"]
[TimeControl "300"]
[EndTime "8:38:12 PDT"]
[Termination "FlyingChessKestrel13 won by resignation"]

1. e4 c5 2. Nc3 Nc6 3. Bb5 e6 4. Nf3 Nge7 5. d4 cxd4 6. Nxd4 a6 7. Bxc6 Nxc6 8. Be3 Be7 9. Qd2 O-O 10. O-O-O Bf6 11. f4 Nxd4 12. Bxd4 Bxd4 13. Qxd4 Qa5 14. e5 b5 15. a3 Rb8 16. Ne4 b4 17. Rd3 Bb7 18.
Nf6+ Kh8 19. Rh3 gxf6 20. exf6 Qf5 21. Rg1 bxa3 22. bxa3 Qe4 23. Qd1 Qxf4+ 24. Qd2 Qxd2+ 25. Kxd2 Be4 26. Rh1 Bxg2 0-1

[Event "Live Chess"]
[Site "Chess.com"]
[Date "2024.06.02"]
[Round "-"]
[White "Pandreq"]
[Black "Karasyov2"]
[Result "0-1"]
[WhiteElo "1222"]
[BlackElo "1227"]
[TimeControl "300"]
[EndTime "8:38:26 PDT"]
[Termination "Karasyov2 won by resignation"]

1. d4 Nf6 2. c4 c5 3. d5 e6 4. Nc3 d6 5. e4 exd5 6. exd5 g6 7. Be3 Bg7 8. Qd2 O-O 9. Rc1 Nbd7 10. Bh6 Re8+ 11. Be2 Bh8 12. Nf3 Nb6 13. b3 Bg4 14. O-O Bxf3 15. Bxf3 Nbd7 16. Rfe1 Ne5 17. Qf4 Nxf3+ 18.
Qxf3 Rxe1+ 19. Rxe1 Qa5 20. Bg5 Nd7 21. Rc1 Ne5 22. Qf4 Nd3 23. Qxd6 Nxc1 24. Bf6 Bxf6 25. Qxf6 Nxa2 0-1

[Event "Live Chess"]
[Site "Chess.com"]
[Date "2024.06.02"]
[Round "-"]
[White "PhilMaybury64"]
[Black "PaulyD81"]
[Result "1-0"]
[WhiteElo "1517"]
[BlackElo "977"]
[TimeControl "300"]
[EndTime "8:38:32 PDT"]
[Termination "PhilMaybury64 won by resignation"]

1. e4 c5 2. b4 d6 3. b5 a6 4.
c4 axb5 5. cxb5 Nf6 6. Nc3 Nbd7 7. a4 g6 8. Nf3 Bg7 9. d4 cxd4 10. Nxd4 Nc5 11.
f3 b6 12. Bc4 O-O 13. O-O e5 14. Nc6 Qc7 15. Nd5 Nxd5 16. Bxd5 Bb7 17. Bd2 Bxc6 18.
Bxc6 Ra7 19. Ra2 Rfa8 20. Bxa8 1-0

[Event "Live Chess"]
[Site "Chess.com"]
[Date "2024.06.02"]
[Round "-"]
[White "JanMur7"]
[Black "educatedlad"]
[Result "1-0"]
[WhiteElo "2272"]
[BlackElo "1733"]
[TimeControl "300"]
[EndTime "8:38:33 PDT"]
[Termination "JanMur7 won by resignation"]

1. e4 c5 2. Nf3 e6 3. c3 d5 4. exd5 Qxd5 5. d4 Nf6 6. Na3 Nc6 7. Bc4 Qe4+ 8. Qe2 Qxe2+ 9. Bxe2 cxd4 10. Nb5 Kd8 11.
Nbxd4 Nxd4 12. Nxd4 Bc5 13. Be3 Nd5 14. Nxe6+ fxe6 15. Bxc5 Bd7 16. O-O-O Bc6 17. c4 1-0

[Event "Live Chess"]
[Site "Chess.com"]
[Date "2024.06.02"]
[Round "-"]
[White "Ferrarifan27"]
[Black "gobbles19"]
[Result "0-1"]
[WhiteElo "2147"]
[BlackElo "2241"]
[TimeControl "300"]
[EndTime "8:38:46 PDT"]
[Termination "gobbles19 won by resignation"]

1. e4 c5 2. Nf3 e6 3. d4 cxd4 4. Nxd4 a6 5. Nc3 Qc7 6. Bd2 b5 7. a3 Bb7 8. Bd3 d6 9. O-O Nf6 10. Re1 Nbd7 11. Qe2 Be7 12. Kh1 O-O 13. f3 Ne5 14.
Nb3 Nc4 15. Bxc4 bxc4 16. Nd4 Rac8 17. f4 d5 18. e5 Ne4 19. Nxe4 dxe4 20. Bc3 Bc5 21.
Rad1 Rfd8 22. Qg4 Qb6 23. Ne2 Rxd1 24. Rxd1 Rd8 25. Ng3 e3 26. Nh5 Rxd1+ 27. Qxd1 Qc6 28. Qe2 Qe4 29. h3 Qg6 30. Kh2 h6 31. Ng3 Bd5 32. Qd1 h5 33. f5 Qg5 34. fxe6 Bxe6 35. Qxh5 Qxh5 36. Nxh5 Bf5 37. Kg3 Bxc2 38. Kf3 Bd1+ 39. Ke4 Bxh5 40. g4 Bg6+ 41. Kf3 Bd3 42. h4 Kf8 43. g5 Ke7 44. h5 Ke6 45. h6 gxh6 46. gxh6 Bf8 47. Kxe3 Bxh6+ 48. Kd4 Bg7 49. Kc5 Bxe5 50.
Kb6 Bxc3 51. bxc3 f5 52. Kxa6 f4 0-1

[Event "Live Chess"]
[Site "Chess.com"]
[Date "2024.06.02"]
[Round "-"]
[White "Ginger_GM"]
[Black "viktor_forever1994"]
[Result "1-0"]
[WhiteElo "2665"]
[BlackElo "1376"]
[TimeControl "300"]
[EndTime "8:38:49 PDT"]
[Termination "Ginger_GM won on time"]

1. e4 e5 2. f4 Nc6 3. Nf3 exf4 4. Bc4 h6 5. d4 d6 6. Bxf4 g5 7. Be3 Bg7 8. Nc3 Bg4 9. O-O Nf6 10. Qd3 O-O 11. a3 Re8 12. Ba2 Qe7 13. Nd2 a6 14. Nd5 Nxd5 15. Bxd5 Be6 16. Bxe6 fxe6 17. h4 Rf8 18.
hxg5 hxg5 19. c3 Rxf1+ 20. Rxf1 Rf8 21. Rxf8+ Qxf8 22. Bxg5 Qf7 23. Qf3 Qg6 24. Be3 Bh6 25.
Nf1 Kg7 26. Bxh6+ Qxh6 27. Ne3 Ne7 28. Kf2 Qh4+ 29. Qg3+ Qxg3+ 30. Kxg3 Kg6 31. Kf3 Kg5 32. g3 Nc6 33. Ng2 Na5 34. Nf4 e5 35. Ne6+ Kf6 36.
Nxc7 Nc4 37. Nd5+ Kg5 38. b3 Nxa3 39. dxe5 dxe5 40. Ke3 Kg4 41. Nf6+ Kxg3 42. Nd7 Nb5 43. c4 Nd4 44. Nxe5 Nc2+ 45. Kd3 Nb4+ 46. Kc3 Nc6 47.
Nxc6 1-0

[Event "Live Chess"]
[Site "Chess.com"]
[Date "2024.06.02"]
[Round "-"]
[White "lyricalschemes"]
[Black "Dhaydon19"]
[Result "1/2-1/2"]
[WhiteElo "2210"]
[BlackElo "2658"]
[TimeControl "300"]
[EndTime "8:39:17 PDT"]
[Termination "Game drawn by repetition"]

1. e4 c6 2. d4 d5 3. Nc3 dxe4 4.
Nxe4 Nf6 5. Nxf6+ exf6 6. Nf3 Bd6 7. Be2 O-O 8. O-O Nd7 9. c3 g6 10. Bh6 Re8 11. Qd2 f5 12. Bc4 Nb6 13. Bb3 Be6 14. Rfe1 Bd5 15. Bg5 Rxe1+ 16. Rxe1 f6 17. Bf4 Qd7 18. Bxd6 Qxd6 19. Qe3 Bxb3 20. axb3 Nd5 21.
Qe2 Kf7 22. Qd2 Kg7 23. g3 Rd8 24. Qe2 Rd7 25. Qe8 Re7 26. Rxe7+ Qxe7 27. Qxe7+ Nxe7 28. Kf1 Kf7 29. Ke2 Ke6 30. Kd3 Nd5 31. Nd2 a5 32. Nc4 b6 33. Nd2 g5 34. Nf3 f4 35.
g4 h6 36. h3 f5 37. Ne5 Ne7 38. c4 c5 39. f3 Nc8 40. Nc6 fxg4 41. hxg4 Kd6 42.
Ne5 Ke6 43. Nc6 Nd6 44. dxc5 bxc5 45. Nxa5 Nf7 46. Ke4 Nd6+ 47. Kd3 Nf7 48. Ke4 Nd6+ 49. Kd3 1/2-1/2

[Event "Live Chess"]
[Site "Chess.com"]
[Date "2024.06.02"]
[Round "-"]
[White "ivan_1968"]
[Black "bobby_jamesFischer86"]
[Result "1-0"]
[WhiteElo "1815"]
[BlackElo "1630"]
[TimeControl "300"]
[EndTime "8:39:22 PDT"]
[Termination "ivan_1968 won by resignation"]

1. d4 d5 2. c4 c6 3. Nf3 Nf6 4. Qc2 e6 5. g3 Bb4+ 6. Bd2 Bxd2+ 7. Nbxd2 Nbd7 8. Bg2 O-O 9. O-O b6 10. e4 dxe4 11. Nxe4 Nxe4 12. Qxe4 Bb7 13. Ne5 Nxe5 14.
dxe5 Rb8 15. Rfd1 Qe7 16. Rd6 c5 17. Qd3 Bxg2 18. Kxg2 Qb7+ 19. f3 h6 20. Rd1 Qa6 21. a3 b5 22. Rxa6 1-0

[Event "Live Chess"]
[Site "Chess.com"]
[Date "2024.06.02"]
[Round "-"]
[White "TC2304"]
[Black "Frankie_Badacsonyi"]
[Result "1-0"]
[WhiteElo "2331"]
[BlackElo "2350"]
[TimeControl "300"]
[EndTime "8:39:26 PDT"]
[Termination "TC2304 won by resignation"]

1. d4 Nf6 2. Nf3 g6 3. Bg5 Bg7 4. c3 O-O 5. Nbd2 d6 6. e4 Nbd7 7. Bc4 e5 8. O-O c6 9. a4 Qe7 10. dxe5 dxe5 11. a5 h6 12. Bh4 Kh7 13. Qb3 Nc5 14. Qc2 g5 15. Bg3 Nh5 16. b4 Nxg3 17. hxg3 Ne6 18. Rfd1 a6 19. Nf1 Nc7 20. Ne3 Nb5 21. g4 Nd6 22. Bd3 Be6 23. Nh2 f6 24. Nhf1 Rfd8 25. Ng3 Qc7 26. Rac1 c5 27. Qe2 Rac8 28.
Nd5 Bxd5 29. exd5+ Kg8 30. Qd2 Re8 31. Bf5 Rcd8 32.
Qe3 Nc4 33. Qe2 Nd6 34. Rc2 Bf8 35. Be6+ Kh8 36. Qf3 Bg7 37. Rcc1 c4 38. Nh5 Rf8 39. g3 b6 40. axb6 Qxb6 41. Kg2 e4 42. Qe2 e3 43. fxe3 Ne4 44. Rd4 f5 45. Nxg7 Kxg7 46. gxf5 Nf6 47. e4 Nd7 48. e5 1-0

[Event "Live Chess"]
[Site "Chess.com"]
[Date "2024.06.02"]
[Round "-"]
[White "Dashman93"]
[Black "LL220284LL"]
[Result "1-0"]
[WhiteElo "2157"]
[BlackElo "2471"]
[TimeControl "300"]
[EndTime "8:39:28 PDT"]
[Termination "Dashman93 won by resignation"]

1. d4 e6 2. e4 d5 3. e5 Nh6 4. Nf3 b6 5. c3 Bb7 6. Be3 c5 7. Bd3 Nc6 8. Na3 cxd4 9. cxd4 Bxa3 10. bxa3 g6 11. Bxh6 Rc8 12. Bg5 Qd7 13. Bf6 Rg8 14. O-O h6 15. Qd2 Na5 16. Qxh6 Qa4 17. Qh7 Rf8 18.
Ng5 Qxd4 19. Bxg6 Rc7 20. Nxe6 1-0

[Event "Live Chess"]
[Site "Chess.com"]
[Date "2024.06.02"]
[Round "-"]
[White "matt1979"]
[Black "upoe610"]
[Result "0-1"]
[WhiteElo "1404"]
[BlackElo "2147"]
[TimeControl "300"]
[EndTime "8:39:29 PDT"]
[Termination "upoe610 won by resignation"]

1. f4 e5 2. fxe5 d6 3. Nf3 dxe5 4. e4 Nc6 5. Bb5 Bd6 6. O-O Nf6 7. d3 O-O 8. Bg5 h6 9. Bh4 Nd4 10. Nxd4 exd4 11. Bc4 g5 12. Bf2 c5 13. Be1 Bg4 14. Qd2 Bf4 15. Rxf4 gxf4 16. Qxf4 Be6 17. Qxh6 Bxc4 18.
dxc4 Ng4 19. Qh5 Ne3 20. Bh4 Qd6 21. Nd2 Qg6 22. Qf3 Kg7 23. Nb3 f5 24. Bg3 fxe4 25.
Be5+ Kg8 26. Qh3 Qh7 27. Qe6+ Qf7 28. Qxf7+ Rxf7 29. Nxc5 Raf8 30. h3 Rf1+ 31. Rxf1 Rxf1+ 32. Kh2 Nxc2 33. Nxe4 d3 34. Bc3 Rf4 35. Nd2 Rf2 36.
b3 Re2 37. Kg3 Ne1 38. Nf3 Rxg2+ 39. Kf4 Nxf3 40. Kxf3 d2 0-1

[Event "Live Chess"]
[Site "Chess.com"]
[Date "2024.06.02"]
[Round "-"]
[White "willc-h99"]
[Black "Queensandpawns"]
[Result "0-1"]
[WhiteElo "2546"]
[BlackElo "2244"]
[TimeControl "300"]
[EndTime "8:39:35 PDT"]
[Termination "Queensandpawns won by resignation"]

1. d4 Nc6 2. c4 e5 3. dxe5 Nxe5 4. e4 Nf6 5. f4 Ng6 6. Bd3 Bc5 7. e5 Ng8 8. Nc3 d6 9. Ne4 Bb6 10. Nf3 dxe5 11.
fxe5 Bg4 12. Bf4 Nxf4 0-1

[Event "Live Chess"]
[Site "Chess.com"]
[Date "2024.06.02"]
[Round "-"]
[White "halfberg"]
[Black "santhoshrlokesh"]
[Result "1-0"]
[WhiteElo "1893"]
[BlackElo "1511"]
[TimeControl "300"]
[EndTime "8:39:48 PDT"]
[Termination "halfberg won by checkmate"]

1. e4 d5 2. exd5 e6 3. Nf3 exd5 4. d4 Bg4 5. Be2 Bd6 6. O-O Ne7 7. h3 Bh5 8. c4 dxc4 9. Nc3 O-O 10. a4 Nbc6 11. d5 Nb4 12. Bxc4 a6 13. Bg5 f6 14. Bh4 Kh8 15. Bg3 Bxg3 16. fxg3 Nbxd5 17. Nxd5 Nxd5 18. Qxd5 c6 19. Qxh5 Qb6+ 20. Kh2 Rad8 21. Rad1 Rxd1 22.
Rxd1 Qxb2 23. Nh4 Re8 24. Qxe8# 1-0

[Event "Live Chess"]
[Site "Chess.com"]
[Date "2024.06.02"]
[Round "-"]
[White "silunn"]
[Black "E2E4colchester"]
[Result "1-0"]
[WhiteElo "2050"]
[BlackElo "1008"]
[TimeControl "300"]
[EndTime "8:39:54 PDT"]
[Termination "silunn won by resignation"]

1. e4 c5 2. Nf3 g6 3. d4 cxd4 4.
Nxd4 Bg7 5. c4 e6 6. Nc3 Ne7 7. Ndb5 O-O 8. Bf4 Nbc6 9. Bd6 e5 10. Nd5 Nxd5 11. cxd5 Nd4 12. Nxd4 exd4 13. Bxf8 Bxf8 14. Bd3 d6 15. O-O Qb6 16. Qd2 Bd7 17. Kh1 Rc8 18.
Rac1 Rxc1 19. Rxc1 Kg7 20. a3 Be7 21. f4 h6 22. Bb1 Bg4 23. Rc4 Bd7 24. Qxd4+ Bf6 25. Qxb6 axb6 26. Rb4 b5 27. Bd3 Bd4 28. Bxb5 Bc5 29.
Bxd7 Bxb4 30. axb4 Kf6 31. g4 b6 32. Kg2 g5 33.
Kf3 Ke7 34. Bc6 Kf6 35. fxg5+ Kxg5 36. Kg3 f6 37. Be8 h5 38. h4+ Kh6 39. Bxh5 Kg7 40. Be8 Kh6 41. Bc6 Kg7 42. Kf4 Kg6 43. h5+ Kh6 44.
Kf5 Kg7 45. g5 fxg5 46. Kxg5 Kf7 47. h6 Kg8 48. Kf5 Kh8 49. Ke6 Kh7 50. Kxd6 Kxh6 51. e5 Kg7 52. e6 Kf8 53. Kd7 Kg7 54. e7 1-0

[Event "Live Chess"]
[Site "Chess.com"]
[Date "2024.06.02"]
[Round "-"]
[White "TheSmoulderingMaster"]
[Black "NottheBishopSacrifice"]
[Result "0-1"]
[WhiteElo "1785"]
[BlackElo "2355"]
[TimeControl "300"]
[EndTime "8:40:09 PDT"]
[Termination "NottheBishopSacrifice won by resignation"]

1. e4 c6 2. d4 d5 3. Nc3 dxe4 4. Nxe4 Nf6 5. Nxf6+ exf6 6. Nf3 Bd6 7. Bc4 O-O 8. O-O Bg4 9. h3 Bh5 10. Be3 Nd7 11.
Be2 Qc7 12. Qd2 Rfe8 13. c4 Rad8 14. c5 Bf8 15. b4 f5 16. a3 Nf6 17. Bg5 Ne4 18. Qf4 Qxf4 19. Bxf4 Bxf3 20. Bxf3 Rxd4 21. Be3 Rd5 22. Rad1 Rxd1 23. Rxd1 g6 24. Rd7 Re7 25. Rd8 Kg7 26. Bf4 Nf6 27. Bd6 Re1+ 28.
Kh2 Bxd6+ 29. Rxd6 Ra1 30. Rd3 Ne4 31. Bxe4 fxe4 32.
Re3 f5 33. g3 Kf6 34. h4 Ke5 35. f3 Ra2+ 36. Kh3 h6 37. f4+ Ke6 38. h5 gxh5 39. Re1 Rd2 40. Rh1 e3 41. Kh4 e2 42. Re1 Kd5 43. Kxh5 Ke4 44. Kxh6 Ke3 45. Kg5 Rd5 46.
g4 fxg4+ 47. Kxg4 Kf2 48. Rh1 e1=Q 49. Rxe1 Kxe1 50. f5 Kd2 51. Kg5 Kc3 52. Kg6 Kb3 0-1

[Event "Live Chess"]
[Site "Chess.com"]
[Date "2024.06.02"]
[Round "-"]
[White "DylanMeyer1"]
[Black "LaupMiths"]
[Result "0-1"]
[WhiteElo "1696"]
[BlackElo "1811"]
[TimeControl "300"]
[EndTime "8:40:25 PDT"]
[Termination "LaupMiths won on time"]

1. c4 Nf6 2. Nc3 g6 3. g3 Bg7 4.
Bg2 O-O 5. e3 d6 6. Nge2 e5 7. O-O Nc6 8. b3 Bd7 9. Bb2 Rb8 10. d4 a6 11. Qd2 Qe7 12. Rad1 b5 13. cxb5 axb5 14. a3 b4 15. axb4 Nxb4 16. Ra1 Bf5 17. e4 exd4 18. exf5 dxc3 19. Bxc3 c5 20. fxg6 hxg6 21. Nf4 Rfd8 22. Rfe1 Qc7 23. Qb2 Nh5 24. Nxh5 Bxc3 25. Qxc3 gxh5 26. Qf6 Re8 27. Qg5+ Kf8 28. Qh6+ Kg8 29. Be4 f6 30. Qxh5 Re5 31. Qf3 Qe7 32.
Qg4+ Kf8 33. f3 Nc2 34. Bxc2 Rxe1+ 35. Rxe1 Qxe1+ 36. Kg2 Qe2+ 37. Kh3 Qxc2 38. Qd7 Qd3 39. Qc6 Re8 40. b4 cxb4 41. Qb6 b3 42. Qxd6+ Qxd6 0-1

[Event "Live Chess"]
[Site "Chess.com"]
[Date "2024.06.02"]
[Round "-"]
[White "bonantagulo"]
[Black "OliWally08"]
[Result "1-0"]
[WhiteElo "2233"]
[BlackElo "1287"]
[TimeControl "300"]
[EndTime "8:40:33 PDT"]
[Termination "bonantagulo won by resignation"]

1. d4 Nf6 2. c4 e6 3. Nf3 b6 4. a3 Bb7 5. Nc3 Be7 6. d5 O-O 7. e4 c5 8. e5 Ne8 9. d6 Bh4 10.
g3 Bxf3 11. Qxf3 Nc6 12. gxh4 Nxe5 13. Qg3 Nc6 14. Rg1 Qb8 15. Bh6 g6 16. Ne4 Ng7 17.
Nf6+ Kh8 18. Nxd7 Qb7 19. Nxf8 Rxf8 20. Bg2 Qd7 21. Bxc6 Qxc6 22. O-O-O Rd8 23. Qe5 Rg8 24. d7 f6 25. Qxf6 Qc7 26. d8=Q Rxd8 27. Rxd8+ 1-0